PCL
SALT LAKE BEES @ TACOMA RAINIERS
06/15/2098
 
TOP OF THE 1ST
Salt Lake Bees batting - Pitching for Tacoma Rainiers : RHP Felix Caraveo
Pitching: RHP Felix Caraveo
Batting: RHB Clark Beach 0-0: Ball
1-0: Ball
2-0: Swinging Strike
2-1: SINGLE (Groundball, 6D, EV 96.3 MPH)
Batting: RHB Jon Vance 0-0: Ball
1-0: Ball
2-0: Grounds into double play, 5-4-3 (Groundball, 15, EV 88.1 MPH)
Batting: LHB Jim Matthews 0-0: Called Strike
0-1: Ball
1-1: Foul Ball, location: 2F
1-2: SINGLE (Groundball, 6MD, EV 104.4 MPH)
Batting: LHB Roger Adkins 0-0: Ball
1-0: Ball
2-0: Ball
3-0: Called Strike
3-1: Base on Balls
Jim Matthews to second
Batting: RHB Roberto Lozano 0-0: SINGLE (Groundball, 6S, EV 74.4 MPH) (infield hit)
Jim Matthews to third
Roger Adkins to second
Batting: RHB Jake Foster 0-0: Fly out, F9 (Flyball, 9, EV 78.8 MPH)
Top of the 1st over - 0 runs, 3 hits, 0 errors, 3 left on base; Salt Lake 0 - Tacoma 0
BOTTOM OF THE 1ST
Tacoma Rainiers batting - Pitching for Salt Lake Bees : LHP Juan Montes
Pitching: LHP Juan Montes
Batting: LHB Ben Foster 0-0: Called Strike
0-1: Swinging Strike
0-2: Foul Ball, location: 3FF
0-2: Strikes out swinging
Batting: RHB Alan Burdett 0-0: Called Strike
0-1: Called Strike
0-2: Ball
1-2: SINGLE (Groundball, 25, EV 65.6 MPH) (infield hit)
Batting: LHB Matt Hicks 0-0: Ball
1-0: Foul Ball, location: 7LMF
1-1: Ball
2-1: Called Strike
2-2: Strikes out looking
Batting: RHB Dan Shell 0-0: Ball
1-0: Foul Ball, location: 23F
1-1: Ball
2-1: Ball
3-1: Called Strike
3-2: Strikes out looking
Bottom of the 1st over - 0 runs, 1 hit, 0 errors, 1 left on base; Salt Lake 0 - Tacoma 0
TOP OF THE 2ND
Salt Lake Bees batting - Pitching for Tacoma Rainiers : RHP Felix Caraveo
Batting: RHB Xavier Montes 0-0: SINGLE (Groundball, 15, EV 70.6 MPH) (infield hit)
Batting: LHB Ryan Mascolino 0-0: Ball
1-0: Bunted foul
1-1: Ball
2-1: Bunt missed!
2-2: Foul Ball, location: 7LSFF
2-2: Ball
3-2: Foul Ball, location: 9LDF
3-2: Foul Ball, location: 3FF
3-2: SINGLE (Groundball, 4MD, EV 97.5 MPH)
Xavier Montes to second
Runner from 2nd tries for 3rd, SAFE, no throw by CF
Batting: RHB Adam Scott 0-0: Grounds into double play, 4-6-3 (Groundball, 4, EV 85.0 MPH)
Xavier Montes scores
Batting: RHB Clark Beach 0-0: Ball
1-0: Foul Ball, location: 9LDF
1-1: Foul Ball, location: 5FF
1-2: Ball
2-2: Foul Ball, location: 9LMF
2-2: SOLO HOME RUN (Flyball, 78XD, EV 107.5 MPH), Distance : 420 ft
Batting: RHB Jon Vance 0-0: Ball
1-0: Called Strike
1-1: Ball
2-1: Fly out, F8 (Flyball, 8RD, EV 85.0 MPH)
Top of the 2nd over - 2 runs, 3 hits, 0 errors, 0 left on base; Salt Lake 2 - Tacoma 0
BOTTOM OF THE 2ND
Tacoma Rainiers batting - Pitching for Salt Lake Bees : LHP Juan Montes
Batting: RHB Ron Stephenson 0-0: Ball
1-0: Foul Ball, location: 9LDF
1-1: Foul Ball, location: 9LDF
1-2: Ball
2-2: Ground out 6-3 (Groundball, 6, EV 86.9 MPH)
Batting: RHB Adam Barker 0-0: SINGLE (Flyball, 4D, EV 90.6 MPH)
Batting: RHB Danny Dominguez 0-0: Ball
1-0: Ball
2-0: SINGLE (Groundball, 34, EV 108.1 MPH)
Adam Barker to second
Runner from 2nd tries for 3rd, SAFE, throw by RF made to third
Batting: RHB Matt Spindle 0-0: Foul Ball, location: 2F
0-1: Called Strike
0-2: Strikes out swinging
Batting: RHB Jeff Gerdom 0-0: Called Strike
0-1: Swinging Strike
0-2: Foul Ball, location: 2F
0-2: Strikes out swinging
Bottom of the 2nd over - 0 runs, 2 hits, 0 errors, 2 left on base; Salt Lake 2 - Tacoma 0
TOP OF THE 3RD
Salt Lake Bees batting - Pitching for Tacoma Rainiers : RHP Felix Caraveo
Batting: LHB Jim Matthews 0-0: Called Strike
0-1: Ball
1-1: Fly out, F8 (Flyball, 8LM, EV 96.3 MPH)
Batting: LHB Roger Adkins 0-0: Called Strike
0-1: Ground out 4-3 (Groundball, 4, EV 77.5 MPH)
Batting: RHB Roberto Lozano 0-0: Called Strike
0-1: Foul Ball, location: 2F
0-2: Foul Ball, location: 2F
0-2: SOLO HOME RUN (Flyball, 78XD, EV 108.1 MPH), Distance : 419 ft
Batting: RHB Jake Foster 0-0: Called Strike
0-1: Called Strike
0-2: Ground out 5-3 (Groundball, 56S, EV 71.3 MPH)
Top of the 3rd over - 1 run, 1 hit, 0 errors, 0 left on base; Salt Lake 3 - Tacoma 0
BOTTOM OF THE 3RD
Tacoma Rainiers batting - Pitching for Salt Lake Bees : LHP Juan Montes
Batting: LHB Ben Foster 0-0: Called Strike
0-1: Swinging Strike
0-2: Ball
1-2: Strikes out looking
Batting: RHB Alan Burdett 0-0: Called Strike
0-1: Ground out 4-3 (Groundball, 4, EV 84.4 MPH)
Batting: LHB Matt Hicks 0-0: Ball
1-0: Foul Ball, location: 7LMF
1-1: Called Strike
1-2: Ball
2-2: Ball
3-2: Foul Ball, location: 2F
3-2: Strikes out looking
Bottom of the 3rd over - 0 runs, 0 hits, 0 errors, 0 left on base; Salt Lake 3 - Tacoma 0
TOP OF THE 4TH
Salt Lake Bees batting - Pitching for Tacoma Rainiers : RHP Felix Caraveo
Batting: RHB Xavier Montes 0-0: Swinging Strike
0-1: Called Strike
0-2: Strikes out swinging
Batting: LHB Ryan Mascolino 0-0: Swinging Strike
0-1: Ground out 5-3 (Groundball, 56, EV 91.9 MPH)
Batting: RHB Adam Scott 0-0: Ball
1-0: Ball
2-0: Called Strike
2-1: Ball
3-1: Foul Ball, location: 2RF
3-2: SINGLE (Line Drive, 56, EV 102.5 MPH)
Batting: RHB Clark Beach 0-0: Ball
1-0: Foul Ball, location: 5F
1-1: Fielders Choice at 2nd, U6 (Groundball, 6M, EV 81.9 MPH)
Top of the 4th over - 0 runs, 1 hit, 0 errors, 1 left on base; Salt Lake 3 - Tacoma 0
BOTTOM OF THE 4TH
Tacoma Rainiers batting - Pitching for Salt Lake Bees : LHP Juan Montes
Batting: RHB Dan Shell 0-0: Foul Ball, location: 9LSF
0-1: Called Strike
0-2: Ball
1-2: Ball
2-2: Fly out, F8 (Flyball, 8LD, EV 108.1 MPH)
Batting: RHB Ron Stephenson 0-0: Foul Ball, location: 2F
0-1: Foul Ball, location: 2F
0-2: Foul Ball, location: 5F
0-2: Ball
1-2: Ball
2-2: SINGLE (Flyball, 78S, EV 91.9 MPH)
Batting: RHB Adam Barker 0-0: Ball
1-0: Ball
2-0: Ball
3-0: Base on Balls
Ron Stephenson to second
Batting: RHB Danny Dominguez 0-0: Fly out, F5 (Popup, 5F, EV 68.8 MPH)
Batting: RHB Matt Spindle 0-0: Swinging Strike
0-1: Ball
1-1: Called Strike
1-2: SINGLE (Groundball, 13, EV 70.6 MPH) (infield hit)
Ron Stephenson to third
Adam Barker to second
Batting: RHB Jeff Gerdom 0-0: Fly out, F8 (Flyball, 8RD, EV 106.3 MPH)
Bottom of the 4th over - 0 runs, 2 hits, 0 errors, 3 left on base; Salt Lake 3 - Tacoma 0
TOP OF THE 5TH
Salt Lake Bees batting - Pitching for Tacoma Rainiers : RHP Felix Caraveo
Batting: RHB Jon Vance 0-0: Ball
1-0: Ball
2-0: Called Strike
2-1: Ball
3-1: Foul Ball, location: 3DF
3-2: Foul Ball, location: 2F
3-2: Base on Balls
Batting: LHB Jim Matthews 0-0: Foul Ball, location: 2F
0-1: SINGLE (Groundball, 5S, EV 64.4 MPH) (infield hit)
Jon Vance to second
Batting: LHB Roger Adkins 0-0: Called Strike
0-1: Foul Ball, location: 2F
0-2: Ball
1-2: Ball
Wild Pitch!
Jon Vance to third
Jim Matthews to second
2-2: Fly out, F7 (Flyball, 7, EV 84.4 MPH)
Runner from 3rd tags up, SCORES, throw by LF
Batting: RHB Roberto Lozano 0-0: Called Strike
0-1: Foul Ball, location: 5FF
0-2: Ball
1-2: Ball
2-2: Ball
Wild Pitch!
Jim Matthews to third
3-2: Foul Ball, location: 5F
3-2: Strikes out looking
Batting: RHB Jake Foster 0-0: Called Strike
0-1: Ball
1-1: Ball
2-1: Ball
3-1: Foul Ball, location: 2F
3-2: Ground out 4-3 (Groundball, 4, EV 103.1 MPH)
Top of the 5th over - 1 run, 1 hit, 0 errors, 1 left on base; Salt Lake 4 - Tacoma 0
BOTTOM OF THE 5TH
Tacoma Rainiers batting - Pitching for Salt Lake Bees : LHP Juan Montes
Batting: LHB Ben Foster 0-0: Called Strike
0-1: Ball
1-1: Foul Ball, location: 25F
1-2: Foul Ball, location: 2F
1-2: Fly out, F9 (Line Drive, 9S, EV 109.4 MPH)
Batting: RHB Alan Burdett 0-0: Ball
1-0: Called Strike
1-1: Ball
2-1: Foul Ball, location: 3F
2-2: Ball
3-2: Base on Balls
Batting: LHB Matt Hicks 0-0: Called Strike
0-1: Called Strike
0-2: Fly out, F8 (Flyball, 8LXD, EV 107.5 MPH)
Batting: RHB Dan Shell 0-0: Swinging Strike
0-1: Ball
1-1: Ball
2-1: Ball
3-1: Base on Balls
Alan Burdett to second
Batting: RHB Ron Stephenson 0-0: Called Strike
0-1: Reached on error, E6 (Groundball, 6S, EV 90.6 MPH)
Alan Burdett to third
Dan Shell to second
Batting: RHB Adam Barker 0-0: Ball
1-0: Called Strike
1-1: Ball
2-1: Called Strike
2-2: Ball
3-2: Fly out, F9 (Flyball, 89S, EV 78.8 MPH)
Bottom of the 5th over - 0 runs, 0 hits, 1 error, 3 left on base; Salt Lake 4 - Tacoma 0
TOP OF THE 6TH
Salt Lake Bees batting - Pitching for Tacoma Rainiers : RHP Felix Caraveo
Batting: RHB Xavier Montes 0-0: Ball
1-0: Ground out 6-3 (Groundball, 6, EV 98.8 MPH)
Batting: LHB Ryan Mascolino 0-0: Ball
1-0: Swinging Strike
1-1: Fly out, F3 (Popup, 23F, EV 90.0 MPH)
Batting: RHB Adam Scott 0-0: Ball
1-0: Ball
2-0: Foul Ball, location: 5F
2-1: Ground out 5-3 (Groundball, 56, EV 76.3 MPH)
Top of the 6th over - 0 runs, 0 hits, 0 errors, 0 left on base; Salt Lake 4 - Tacoma 0
BOTTOM OF THE 6TH
Tacoma Rainiers batting - Pitching for Salt Lake Bees : LHP Juan Montes
Batting: RHB Danny Dominguez 0-0: Ball
1-0: Called Strike
1-1: Ground out 4-3 (Groundball, 4, EV 85.0 MPH)
Batting: RHB Matt Spindle 0-0: Called Strike
0-1: Called Strike
0-2: Ball
1-2: Ball
2-2: Ground out U3 (Groundball, 13, EV 90.6 MPH)
Batting: RHB Jeff Gerdom 0-0: Ball
1-0: Ball
2-0: SINGLE (Groundball, 6D, EV 98.1 MPH)
Batting: LHB Ben Foster 0-0: Called Strike
0-1: Ball
1-1: Foul Ball, location: 2F
1-2: SINGLE (Line Drive, 89S, EV 96.3 MPH)
Jeff Gerdom to second
Batting: RHB Alan Burdett 0-0: Called Strike
0-1: Ball
1-1: Ball
2-1: Ball
3-1: Called Strike
3-2: SINGLE (Line Drive, 78S, EV 100.0 MPH)
Jeff Gerdom to third
Ben Foster to second
Jeff Gerdom scores
Ben Foster to third
Batting: LHB Matt Hicks 0-0: Foul Ball, location: 2F
0-1: Ball
1-1: Foul Ball, location: 2F
1-2: Ball
2-2: Fielders Choice at 2nd, U6 (Groundball, 4MD, EV 95.0 MPH)
Bottom of the 6th over - 1 run, 3 hits, 0 errors, 2 left on base; Salt Lake 4 - Tacoma 1
TOP OF THE 7TH
Salt Lake Bees batting - Pitching for Tacoma Rainiers : RHP Felix Caraveo
Pinch Hitting: LHB Josh Alderete 0-0: Ball
1-0: Ball
2-0: Swinging Strike
2-1: Foul Ball, location: 7LSF
2-2: Foul Ball, location: 2F
2-2: Strikes out swinging
Batting: RHB Jon Vance 0-0: Called Strike
0-1: Foul Ball, location: 5FF
0-2: Foul Ball, location: 9LDF
0-2: SOLO HOME RUN (Flyball, 7D, EV 96.9 MPH), Distance : 386 ft
Pitching: RHP David Morse
Batting: LHB Jim Matthews 0-0: Foul Ball, location: 3FF
0-1: Foul Ball, location: 2F
0-2: Strikes out swinging
Batting: LHB Roger Adkins 0-0: Called Strike
0-1: Ball
1-1: Ground out 4-3 (Groundball, 4, EV 86.9 MPH)
Top of the 7th over - 1 run, 1 hit, 0 errors, 0 left on base; Salt Lake 5 - Tacoma 1
BOTTOM OF THE 7TH
Tacoma Rainiers batting - Pitching for Salt Lake Bees : LHP Juan Montes
Now at 2B: Nick Kirks
Batting: RHB Dan Shell 0-0: Ball
1-0: Called Strike
1-1: Foul Ball, location: 5FF
1-2: DOUBLE (Line Drive, 78D, EV 111.9 MPH)
Batting: RHB Ron Stephenson 0-0: Called Strike
0-1: Ground out 6-3 (Groundball, P, EV 81.9 MPH)
Dan Shell to third
Batting: RHB Adam Barker 0-0: Called Strike
0-1: Ground out 3-1 (Groundball, 34S, EV 88.8 MPH)
Batting: RHB Danny Dominguez 0-0: Called Strike
0-1: Foul Ball, location: 2F
0-2: Strikes out swinging
Bottom of the 7th over - 0 runs, 1 hit, 0 errors, 1 left on base; Salt Lake 5 - Tacoma 1
TOP OF THE 8TH
Salt Lake Bees batting - Pitching for Tacoma Rainiers : RHP David Morse
Batting: RHB Roberto Lozano 0-0: Ball
1-0: Called Strike
1-1: Fly out, F4 (Popup, 34D, EV 63.1 MPH)
Batting: RHB Jake Foster 0-0: Ball
1-0: Ball
2-0: Called Strike
2-1: Ball
3-1: Called Strike
3-2: Strikes out looking
Batting: RHB Xavier Montes 0-0: DOUBLE (Flyball, 89XD, EV 110.6 MPH)
Batting: LHB Ryan Mascolino 0-0: Ground out 4-3 (Groundball, 4, EV 110.0 MPH)
Top of the 8th over - 0 runs, 1 hit, 0 errors, 1 left on base; Salt Lake 5 - Tacoma 1
BOTTOM OF THE 8TH
Tacoma Rainiers batting - Pitching for Salt Lake Bees : LHP Juan Montes
Batting: RHB Matt Spindle 0-0: Called Strike
0-1: Fly out, F4 (Line Drive, 4, EV 68.1 MPH)
Batting: RHB Jeff Gerdom 0-0: Called Strike
0-1: Called Strike
0-2: Ball
1-2: Ball
2-2: Strikes out swinging
Batting: LHB Ben Foster 0-0: Ball
1-0: Ground out U3 (Groundball, 3L, EV 83.8 MPH)
Bottom of the 8th over - 0 runs, 0 hits, 0 errors, 0 left on base; Salt Lake 5 - Tacoma 1
TOP OF THE 9TH
Salt Lake Bees batting - Pitching for Tacoma Rainiers : RHP David Morse
Batting: RHB Adam Scott 0-0: Ball
1-0: Ball
2-0: Called Strike
2-1: Ball
3-1: Ground out 5-3 (Groundball, 56, EV 108.1 MPH)
Batting: RHB Nick Kirks 0-0: Called Strike
0-1: Foul Ball, location: 7LMF
0-2: Ball
1-2: Ball
2-2: Ball
3-2: Base on Balls
Batting: RHB Jon Vance 0-0: Foul Ball, location: 9LDF
0-1: Ball
1-1: Foul Ball, location: 7LSF
1-2: Grounds into double play, 4-6-3 (Groundball, 4M, EV 104.4 MPH)
Top of the 9th over - 0 runs, 0 hits, 0 errors, 0 left on base; Salt Lake 5 - Tacoma 1
BOTTOM OF THE 9TH
Tacoma Rainiers batting - Pitching for Salt Lake Bees : LHP Juan Montes
Batting: RHB Alan Burdett 0-0: Called Strike
0-1: Ball
1-1: Foul Ball, location: 5F
1-2: Strikes out looking
Batting: LHB Matt Hicks 0-0: Ball
1-0: Called Strike
1-1: Ball
2-1: Foul Ball, location: 2F
2-2: Ball
3-2: Strikes out looking
Batting: RHB Dan Shell 0-0: Called Strike
0-1: Foul Ball, location: 23F
0-2: Ball
1-2: Fly out, F7 (Line Drive, 7, EV 91.3 MPH)
Bottom of the 9th over - 0 runs, 0 hits, 0 errors, 0 left on base; Salt Lake 5 - Tacoma 1
Sunday, April 7th , 2024 - OOTP Baseball 24.11 Build 85